 Dungeon Crawl Stone Soup version 0.31.0-4-g52a2dc7128 (webtiles) character file.

Game seed: 15691374297017142789

495144 Esekla the Sorcerer (level 25, -7/126 HPs)
             Began as a Vine Stalker Wanderer on Jan 20, 2024.
             Was the Champion of Vehumet.
             Shot with an arrow by a deep elf master archer (15 damage)
             ... on level 3 of the Elven Halls on Jan 21, 2024.
             The game lasted 11:01:25 (61323 turns).

Esekla the Sorcerer (Vine Stalker Wanderer)        Turns: 61323, Time: 11:01:25

Health: -7/126     AC: 30    Str: 25    XL:     25   Next: 11%
Magic:  0/53       EV: 19    Int: 24    God:    Vehumet [******]
Gold:   7154       SH:  9    Dex: 22    Spells: 3/74 levels left

rFire   + . .        a - +4 dagger "Gaarryri" {protect, rC+ Str+7}
rCold   + + .        y - +2 buckler
rNeg    + . .        F - +2 robe {rC+ rF+}
rPois   +            k - +2 helmet of Proximity {rN+ rCorr}
rElec   .            U - +1 cloak of Hide-and-Seek {Will++ Str+2 Dex+6}
rCorr   +            J - +3 pair of gloves of the Lion {Int+3}
SInv    .            X - +2 pair of boots {Fly}
Will    +++++        H - amulet "Piocvubi" {RegenMP rPois}
Stlth   +++++        K - +4 ring of protection
HPRegen 1.21/turn    L - +4 ring of slaying
MPRegen 0.73/turn

%: guardian spirit
@: lethally poisoned (-7 -> -7), ice-armoured, attractive, flying, slightly
contaminated, slowed, very slow
A: fangs 3, regeneration 1, magic shield, antimagic bite, no potion heal 2
}: 2/15 runes: decaying, gossamer
a: Renounce Religion


You were on level 3 of the Elven Halls.
You worshipped Vehumet.
Vehumet was exalted by your worship.
You visited 10 branches of the dungeon, and saw 43 of its levels.
You also visited: Ossuary, Gauntlet, Ice Cave and Volcano.

You collected 7530 gold pieces.
You spent 376 gold pieces at shops.

Inventory:

Hand Weapons
 a - the +4 dagger "Gaarryri" (weapon) {protect, rC+ Str+7}
   (You found it on level 6 of the Dungeon)

   Str+7:     It affects your strength (+7).
   rC+:       It protects you from cold.
 d - the +1 dagger "Fiushrewn" {freeze, rF+ rC+ Will+}
   (You took it off a hobgoblin on level 2 of the Dungeon)

   rF+:       It protects you from fire.
   rC+:       It protects you from cold.
   Will+:     It increases your willpower.
 f - a +9 scimitar of flaming
 r - the +7 spear "Isadd" {freeze, MP+9}
   (You found it in a Gauntlet)

   MP+9:      It affects your magic capacity (+9).
 s - the +6 dagger "Goblinbane" {pain, rPois Will+}
   (You found it on level 8 of the Dungeon)

   rPois:     It protects you from poison Will+: It increases your willpower.
 w - a +3 falchion of holy wrath
 z - a +4 long sword of freezing
Missiles
 h - 7 poisoned darts (quivered)
 u - 14 curare-tipped darts
 C - 3 boomerangs
Armour
 k - the +2 helmet of Proximity (worn) {rN+ rCorr}
   (You acquired it on level 2 of the Depths)

   rN+:       It protects you from negative energy.
   rCorr:     It protects you from acid and corrosion.
 y - a +2 buckler (worn)
 F - a +2 robe of resistance (worn)
 J - the +3 pair of gloves of the Lion (worn) {Int+3}
   (You acquired it on level 5 of the Lair of Beasts)

   Int+3:     It affects your intelligence (+3).
 U - the +1 cloak of Hide-and-Seek (worn) {Will++ Str+2 Dex+6}
   (You acquired it on level 5 of the Lair of Beasts)

   Str+2:     It affects your strength (+2).
   Dex+6:     It affects your dexterity (+6).
   Will++:    It greatly increases your willpower.
 X - a +2 pair of boots of flying (worn)
Jewellery
 o - the ring of Zasuwi {Wiz rElec rN+ Dex+3}
   (You found it on level 3 of the Crypt)

   [ring of wizardry]

   Wiz:       It improves your spell success rate.
   Dex+3:     It affects your dexterity (+3).
   rElec:     It insulates you from electricity.
   rN+:       It protects you from negative energy.
 x - the ring of Rumezumu {rPois rF++ rN+ Str+3 Dex-3}
   (You acquired it on level 10 of the Dungeon)

   [ring of poison resistance]

   Str+3:     It affects your strength (+3).
   Dex-3:     It affects your dexterity (-3).
   rF++:      It greatly protects you from fire.
   rPois:     It protects you from poison rN+: It protects you from negative
   energy.
 H - the amulet "Piocvubi" (around neck) {RegenMP rPois}
   (You acquired it on level 5 of the Lair of Beasts)

   [amulet of magic regeneration]

   RegenMP:   It increases your rate of magic regeneration.
   rPois:     It protects you from poison
 K - a +4 ring of protection (left hand)
 L - a +4 ring of slaying (right hand)
 O - a +6 ring of intelligence
 P - a ring of see invisible
 S - an amulet of reflection
Wands
 b - a wand of flame (131)
 c - a wand of iceblast (14)
 p - a wand of mindburst (28)
 I - a wand of digging (19)
 N - a wand of acid (15)
Scrolls
 e - 9 scrolls of fear
 j - 6 scrolls of fog
 m - 4 scrolls of enchant armour
 q - 2 scrolls of blinking
 t - 7 scrolls of teleportation
 E - 2 scrolls of acquirement
 G - 3 scrolls of revelation
 M - 6 scrolls of enchant weapon
 Q - 6 scrolls of poison
 Z - 3 scrolls of silence
Potions
 g - 11 potions of curing
 l - 4 potions of invisibility
 n - 12 potions of ambrosia
 v - 3 potions of haste
 B - 4 potions of might
 D - 4 potions of berserk rage
 R - 4 potions of cancellation
 T - 5 potions of brilliance
 V - 3 potions of attraction
 W - 8 potions of resistance
Miscellaneous
 i - a lightning rod (4/4)


   Skills:
 + Level 10.8 Fighting
 + Level 8.2(9.2) Short Blades
 + Level 6.1(8.1) Long Blades
 + Level 0.2 Polearms
 + Level 4.6 Throwing
 + Level 9.4 Dodging
 + Level 11.3 Stealth
 + Level 9.3 Shields
 * Level 25.2 Spellcasting
 + Level 7.8 Conjurations
 * Level 11.5 Necromancy
 + Level 5.2 Translocations
 + Level 6.6 Fire Magic
 - Level 10.4 Ice Magic
 + Level 15.2 Air Magic
 * Level 12.1 Earth Magic
 + Level 11.6 Alchemy
 + Level 3.3 Evocations


You had 3 spell levels left.
You knew the following spells:

 Your Spells              Type           Power      Damage    Failure   Level
a - Ozocubu's Armour      Ice            69%        N/A       1%          3
b - Blink                 Tloc           100%       N/A       1%          2
c - Mephitic Cloud        Conj/Alch/Air  72%        N/A       1%          3
d - Iskenderun's Mystic   Conj/Tloc      57%        2d12      1%          4
e - Searing Ray           Conj           100%       2d8       1%          2
g - Ozocubu's Refrigerat  Ice            34%        4d15      4%          7
i - Irradiate             Conj/Alch      33%        3d22      1%          5
k - Airstrike             Air            40%        2d(6-22)  0%          4
l - Lee's Rapid Deconstr  Erth           36%        3d18*     1%          5
m - Maxwell's Capacitive  Air            40%        ∞         4%          8
n - Ignite Poison         Fire/Alch      65%        N/A       1%          4
p - Apportation           Tloc           100%       N/A       1%          1
r - Frozen Ramparts       Ice            100%       1d16      1%          3
u - Dispel Undead         Necr           71%        3d24      1%          4
w - Fugue of the Fallen   Necr           71%        N/A       1%          3
x - Olgreb's Toxic Radia  Alch           72%        N/A       1%          4
y - Sticky Flame          Fire/Alch      65%        2d11      1%          4
z - Freezing Cloud        Conj/Ice/Air   35%        6-21      1%          5

Your spell library contained the following spells:

 Spells                   Type           Power      Damage    Failure   Level
 Lehudib's Crystal Spear  Conj/Erth      33%        10d9      32%         8
 Shatter                  Erth           36%        3d29*     88%         9
 Chain Lightning          Conj/Air       35%        3d47      93%         9
 Freeze                   Ice            100%       1d10      0%          1
 Necrotise                Necr           100%       1d9       0%          1
 Sting                    Conj/Alch      100%       1d9       0%          1
 Cigotuvi's Dreadful Rot  Necr/Alch/Air  100%       N/A       0%          2
 Mercury Vapours          Alch/Air       100%       N/A       0%          2
 Static Discharge         Conj/Air       100%       3-8/arc   0%          2
 Sublimation of Blood     Necr           71%        N/A       0%          2
 Swiftness                Air            80%        N/A       0%          3
 Magic Dart               Conj           100%       1d8       1%          1
 Summon Small Mammal      Summ           100%       N/A       1%          1
 Call Imp                 Summ           60%        N/A       1%          2
 Ensorcelled Hibernation  Hex/Ice        100%       N/A       1%          2
 Lesser Beckoning         Tloc           100%       N/A       1%          2
 Momentum Strike          Conj/Tloc      100%       3d10      1%          2
 Dazzling Flash           Conj/Hex       96%        N/A       1%          3
 Gell's Gravitas          Tloc           53%        N/A       1%          3
 Hailstorm                Conj/Ice       65%        3d12      1%          3
 Inner Flame              Hex/Fire       46%        N/A       1%          3
 Passwall                 Erth           73%        N/A       1%          3
 Stone Arrow              Conj/Erth      100%       3d13      1%          3
 Summon Ice Beast         Ice/Summ       53%        N/A       1%          3
 Teleport Other           Tloc           53%        N/A       1%          3
 Volatile Blastmotes      Fire/Tloc      100%       2d18      1%          3
 Tukima's Dance           Hex            30%        N/A       3%          3
 Animate Armour           Summ/Erth      100%       N/A       1%          4
 Fulminant Prism          Conj/Alch      33%        3d15      1%          4
 Leda's Liquefaction      Alch/Erth      36%        N/A       1%          4
 Manifold Assault         Tloc           53%        N/A       1%          4
 Martyr's Knell           Necr/Summ      55%        N/A       1%          4
 Petrify                  Alch/Erth      72%        N/A       1%          4
 Summon Lightning Spire   Summ/Air       61%        N/A       1%          4
 Vhi's Electric Charge    Tloc/Air       100%       N/A       1%          4
 Alistair's Intoxication  Alch           48%        N/A       1%          5
 Arcjolt                  Conj/Air       35%        1d45      1%          5
 Borgnjor's Vile Clutch   Necr/Erth      36%        N/A       1%          5
 Curse of Agony           Necr           71%        N/A       1%          5
 Silence                  Hex/Air        30%        N/A       1%          5
 Death Channel            Necr           35%        N/A       1%          6
 Eringya's Noxious Bog    Alch           36%        4d6       1%          6
 Plasma Beam              Fire/Air       35%        2x1d48    1%          6
 Sculpt Simulacrum        Ice/Alch       35%        N/A       1%          6
 Starburst                Conj/Fire      30%        6d9       2%          6
 Summon Blazeheart Golem  Fire/Summ      46%        N/A       3%          4
 Dimensional Bullseye     Hex/Tloc       21%        N/A       4%          4
 Metabolic Englaciation   Hex/Ice        26%        N/A       4%          5
 Orb of Destruction       Conj           30%        9d10      11%         7
 Summon Forest            Summ/Tloc      21%        N/A       12%         5
 Dispersal                Tloc           26%        N/A       22%         6
 Spellforged Servitor     Conj/Summ      24%        N/A       45%         7
 Infestation              Necr           35%        N/A       58%         8
 Haunt                    Necr/Summ      27%        N/A       69%         7
 Ignition                 Fire           29%        3d9       75%         8
 Summon Hydra             Summ           15%        N/A       100%        7
 Discord                  Hex            15%        N/A       100%        8
 Disjunction              Tloc           26%        N/A       100%        8
 Death's Door             Necr           35%        N/A       100%        9
 Fire Storm               Conj/Fire      30%        8d8       100%        9


Dungeon Overview and Level Annotations

Branches:
Dungeon (15/15)            Temple (1/1) D:6            Lair (5/5) D:10
  Swamp (4/4) Lair:2       Spider (4/4) Lair:2          Orc (2/2) D:11
    Elf (3/3) Orc:2        Vaults (4/5) D:14          Crypt (3/3) Vaults:3
   Tomb (0/3) Crypt:3      Depths (2/4) D:15        Ossuary (visited)
  IceCv (visited)         Volcano (visited)         Gauntlet (visited)
  Slime: Lair:4-5

Altars:
Ashenzari
Cheibriados
Dithmenos
Elyvilon
Fedhas
Gozag
Hepliaklqana
Kikubaaqudgha
Makhleb
Nemelex Xobeh
Okawaru
Qazlal
Ru
Sif Muna
Trog
Uskayaw
Vehumet
Wu Jian
Xom
Yredelemnul
Zin
The Shining One

Shops:
D:9 *   Orc:2 (((=   Elf:1 [   Elf:2 (   Elf:3 (*   Vaults:1 *   Vaults:3 [(
Vaults:4 (

Portals:
Hell: Depths:1 Depths:2
Pandemonium: Depths:1 Depths:2
Trove: Elf:1 (give 7 potions of haste)

Annotations:
Lair:4 exclusion: 3 oklob plants
Elf:3 3 runed translucent doors, exclusion: obsidian statue, Hihelu's ghost, adept MiBe
Crypt:3 Bai Suzhen


Innate Abilities, Weirdness & Mutations

You have razor-sharp teeth.
Your natural rate of healing is unusually fast.
When hurt, damage is shared between your health and your magic reserves.
Your bite disrupts and absorbs the magic of your enemies.
Potions cannot restore your health.


Message History

Confirm with . or Enter, or press ? or * to list all spells.
You erupt in a fountain of uncontrolled magic!
The deep elf annihilator is blasted with magical radiation!!!
The deep elf annihilator is severely wounded.
The ghostly deep elf high priest is blasted with magical radiation!!!
You destroy the ghostly deep elf high priest!
Vehumet accepts your kill.
You feel your power returning.
You are very lightly contaminated with residual magic.
You feel very sick.
The deep elf annihilator is engulfed in blazing flames.
The deep elf annihilator points at you and mumbles some strange words.
The crystal spear hits you!!
* * * LOW HITPOINT WARNING * * *
Casting: Irradiate (mildly dangerous; 1% risk of failure)
Confirm with . or Enter, or press ? or * to list all spells.
You erupt in a fountain of uncontrolled magic!
The deep elf annihilator is blasted with magical radiation!!
You kill the deep elf annihilator!
Vehumet accepts your kill.
You feel your power returning.
You are lightly contaminated with residual magic.
You feel very sick.
The deep elf master archer wields a +0 longbow.
The deep elf master archer shoots an arrow.
The arrow hits you!!
* * * LOW HITPOINT WARNING * * *
The deep elf master archer is attracted toward you.
Casting: Irradiate (mildly dangerous; 1% risk of failure)
Confirm with . or Enter, or press ? or * to list all spells.
Aiming: Mephitic Cloud (safe; 1% risk of failure)
Press: ? - help, Shift-Dir - straight line, f - deep elf master archer
Aim: a deep elf master archer, wielding a +0 longbow and wearing a +3 leather armour (chance to affect: 29%)
The ball explodes into a vile cloud!
The stinking cloud engulfs the deep elf master archer.
You feel sick.
The deep elf master archer is engulfed in noxious fumes.
The deep elf master archer shoots an arrow.
The arrow hits you!!
You die...

# #...).e ##
....).)## .##
....e)..## ..##
.....$$..## ...#
#))(## ...####
##)..# ...'..#
##)).## ...####
##○°.## ..## #@)°##
.## #### ##§## '#
#..# #.e# .# #..#
#.§# .# #..# #..#
.# #..# #..# .#
#..# #..# .# #..###
#.§#
.#####....######..#


You could see a deep elf master archer.

Vanquished Creatures
  3 dread liches (Crypt:3)
  Mara (Depths:1)
  A juggernaut (Depths:2)
  Boris (Depths:1)
  the Lernaean hydra (Swamp:3)
  Saint Roka (Vaults:1)
  A curse toe (Crypt:3)
  Jory (Vaults:3)
  Nikola (Depths:2)
  Arachne (Spider:1)
  A Tzitzimitl (Depths:2)
  Zenata (Elf:3)
  6 liches
  Asterion (Vaults:2)
  3 deep elf blademasters
  6 sphinxes
  A deep elf master archer (Elf:3)
  10 ancient champions
  5 revenants
  2 tengu reavers (Vaults:2)
  3 fire giants
  Donald (Swamp:3)
  4 deep elf sorcerers (Elf:3)
  2 fenstrider witches
  A frost giant (Vaults:2)
  2 iron dragons (Depths:2)
  10 vault wardens
  5 emperor scorpions
  5 deep elf elementalists (Elf:3)
  5 ghost moths
  Louise (Lair:2)
  2 spectral juggernauts (Depths:2)
  5 ghouls
  5 orc warlords
  17 ironbound preservers
  5 spectral caustic shrikes (Depths:2)
  3 curse skulls
  3 very ugly things (Depths:2)
  4 formless jellyfish
  5 stone giants
  7 deep elf demonologists
  14 vampire knights
  7 ironbound thunderhulks
  Nessos (Lair:3)
  10 deep elf death magi
  6 eleionomae
  6 deep elf annihilators
  3 dire elephants
  A red draconian (Volcano)
  A spectral titan (Depths:2)
  Azrael (Spider:1)
  A minotaur (Gauntlet)
  4 war gargoyles
  3 bunyips
  19 spark wasps
  18 eidola
  Snorg (D:12)
  5 jiangshi
  2 crystal guardians (Vaults:4)
  3 spectral quicksilver dragons (Depths:2)
  A shambling mangrove (Swamp:2)
  8 yaktaur captains
  2 spectral golden dragons (Depths:2)
  A fire dragon (Depths:2)
  Josephine (D:11)
  10 entropy weavers
  5 great orbs of eyes
  A deep elf high priest (Elf:3)
  3 spectral sphinxes (Depths:2)
  A spriggan zombie (Crypt:1)
  7 ettins
  2 rakshasas (Depths:2)
  A hell beast (Depths:1)
  21 hydras
  2 caustic shrike simulacra (Depths:2)
  A ghost crab (Swamp:2)
  4 peacekeepers
  Erolcha (D:11)
  12 vault guards
  A spectral shadow dragon (Depths:2)
  8 ironbound frosthearts
  A jorogumo (Spider:2)
  A spriggan air mage (Depths:1)
  2 juggernaut simulacra (Depths:2)
  A spriggan skeleton (Crypt:1)
  18 boulder beetles
  5 death knights
  20 centaur warriors
  A two-headed ogre (shapeshifter) (Depths:1)
  11 alligators
  4 catoblepae
  2 spectral frost giants (Depths:2)
  12 death yaks
  28 dancing weapons
  3 two-headed ogres
  A deep troll shaman (Depths:2)
  2 fenstrider witch skeletons
  4 deep troll earth magi
  An Orb Guardian skeleton (Crypt:2)
  6 spriggan berserkers
  10 demonic crawlers
  6 orc high priests
  3 tengu warriors
  An azure jelly zombie (Crypt:2)
  10 vampire magi
  Urug (D:12)
  5 spriggans
  A sun demon (Depths:1)
  7 soul eaters
  2 spectral storm dragons (Depths:2)
  A shadow wraith (Crypt:2)
  13 deep elf knights
  5 pharaoh ants
  2 skysharks
  23 skeletal warriors
  5 spriggan druids
  A storm dragon skeleton (Crypt:1)
  Lodul (D:11)
  8 flayed ghosts
  6 goliath frogs
  2 sun moths (Spider:4)
  12 orb spiders
  An elf zombie (Vaults:2)
  9 swamp dragons
  9 glowing orange brains
  58 deep trolls
  20 bog bodies
  6 arcanists
  16 phantasmal warriors
  4 spriggan simulacra (Depths:2)
  6 steelbarb worms
  8 deep elf archers
  16 ironbound convokers
  30 deep elf pyromancers
  10 lindwurms
  2 orange crystal statues (Depths:2)
  4 necromancers
  31 deep elf zephyrmancers
  11 orc knights
  8 orc sorcerers
  19 ugly things
  15 wolf spiders
  8 manticores
  4 spectral spriggans (Depths:2)
  9 cyclopes
  3 moths of wrath
  4 salamanders (Volcano)
  An alligator skeleton (Crypt:3)
  3 black mambas
  4 kobold blastminers (Orc:1)
  A meliai (shapeshifter) (D:14)
  2 will-o-the-wisps
  11 meliai
  A formless jellyfish zombie (Crypt:3)
  13 elephants
  5 molten gargoyles (Volcano)
  22 vault sentinels
  A rust devil (Gauntlet)
  4 gargoyles
  2 ice statues (IceCv)
  2 purple draconian zombies
  A titan simulacrum (Depths:2)
  An unseen horror zombie (Crypt:3)
  2 storm dragon simulacra (Depths:2)
  18 cane toads
  3 torpor snails
  Maggie (Lair:1)
  A spectral unseen horror (D:8)
  7 rime drakes
  3 efreet
  Jeremiah (D:8)
  11 freezing wraiths
  3 unseen horrors
  A green draconian skeleton (Crypt:1)
  8 komodo dragons
  43 yaktaurs
  A death drake zombie (Crypt:3)
  A yellow draconian skeleton (Crypt:3)
  A grey draconian skeleton (Crypt:1)
  4 golden dragon simulacra (Depths:2)
  A tengu simulacrum (Depths:2)
  5 polar bears (Lair:4)
  A shadow dragon simulacrum (Depths:2)
  5 trolls
  23 hornets
  23 tarantellas
  4 tyrant leeches
  A boulder beetle zombie (Crypt:2)
  A glass eye (Depths:2)
  A human simulacrum (Vaults:2)
  A meliai zombie (D:10)
  2 raiju (shapeshifter)
  An iron dragon simulacrum (Depths:2)
  14 blink frogs
  38 jumping spiders
  30 slime creatures
  A spriggan (shapeshifter) (D:13)
  9 water elementals
  A fire dragon skeleton (Crypt:2)
  Sigmund (D:2)
  3 vampires
  25 culicivoras
  6 shadows
  A ynoxinul (Gauntlet)
  3 air elementals
  42 yaks
  15 wraiths
  8 fire elementals
  7 humans (D:14)
  8 wyverns
  3 steam dragons
  5 basilisks
  2 elves (Vaults:4)
  3 wargs
  57 redbacks
  11 vampire mosquitoes
  19 swamp worms
  2 acid dragons (D:11)
  A glowing shapeshifter zombie (Vaults:2)
  A harpy simulacrum (Crypt:1)
  An acid dragon (shapeshifter) (D:13)
  18 water moccasins
  2 hell hounds (Spider:1)
  A glowing shapeshifter skeleton (Crypt:1)
  7 swamp drakes
  An ettin simulacrum (Vaults:2)
  2 ice beasts
  30 orc warriors
  3 sky beasts (D:6)
  3 black bears
  A cane toad skeleton (Crypt:1)
  20 ogres
  14 laughing skulls
  A boggart (Vaults:2)
  5 wolves (Lair:1)
  An elephant skeleton (Crypt:3)
  18 centaurs
  3 phantoms
  A kobold brigand (D:8)
  2 gnoll sergeants
  13 bullfrogs
  3 necrophages
  15 scorpions
  3 earth elementals
  2 cane toad simulacra
  A glowing shapeshifter simulacrum (Depths:2)
  A warg zombie (Crypt:3)
  An elf skeleton (Crypt:1)
  22 wights
  2 elephant simulacra
  A troll zombie (D:11)
  30 killer bees
  3 howler monkeys
  A hound (D:5)
  5 human zombies
  5 centaur zombies
  3 jellies (D:5)
  37 orc priests
  A gnoll bouda (D:6)
  4 iron imps (Gauntlet)
  A sleepcap (D:5)
  A human skeleton (Crypt:1)
  47 orc wizards
  4 scorpion zombies (Ossuary)
  6 iguanas
  A spectral killer bee (D:8)
  2 polar bear simulacra (IceCv)
  A wolf simulacrum (Lair:3)
  7 ogre zombies (D:11)
  A centaur simulacrum (D:8)
  A tengu skeleton (Crypt:2)
  3 mummies (Ossuary)
  An ogre skeleton (Crypt:2)
  3 howler monkey zombies (D:10)
  A killer bee simulacrum (D:8)
  Robin (D:2)
  14 gnolls
  8 adders
  A shadow imp (D:5)
  A ribbon worm zombie (Crypt:2)
  2 ufetubi (D:6)
  2 adder zombies (Ossuary)
  7 dart slugs
  3 ribbon worms
  88 orcs
  9 ball pythons
  7 endoplasms
  6 giant cockroaches
  4 gnoll zombies
  10 goblins
  13 hobgoblins
  11 jackals
  4 quokkas
  2 ball python zombies (Ossuary)
  6 bats
  2 frilled lizards
  3 gnoll skeletons (D:11)
  4 jackal zombies
  4 kobolds
  2 orc skeletons (D:11)
  20 orc zombies
  2 rats
  A rat zombie (D:7)
2073 creatures vanquished.

Vanquished Creatures (collateral kills)
  A meliai (D:13)
  A hornet (Spider:4)
  A redback (Spider:4)
  2 killer bees (D:12)
5 creatures vanquished.

Vanquished Creatures (others)
  A vault guard (D:14)
  A wolf spider (Spider:4)
  2 bloated husks
  A queen bee (D:12)
  2 tarantellas (Spider:1)
  An orc warrior (Orc:1)
  A swamp drake (Swamp:4)
  A killer bee (D:12)
  A wolf skeleton (Crypt:3)
  An orc wizard (Orc:2)
  6 foxfires
18 creatures vanquished.

Grand Total: 2096 creatures vanquished

Notes
Turn   | Place    | Note
-------+----------+-------------------------------------------
     0 | D:1      | Esekla the Vine Stalker Wanderer began the quest for the
                  | Orb.
     0 | D:1      | Esekla set off with the following items: a +2 falchion, a
                  | wand of flame (3), a scroll of fear, a +0 robe; and the
                  | following spells available to memorise: Searing Ray,
                  | Momentum Strike.
     0 | D:1      | Reached XP level 1. HP: 11/11 MP: 4/4
   133 | D:1      | Reached XP level 2. HP: 14/15 MP: 4/6
   447 | D:1      | Reached XP level 3. HP: 18/18 MP: 7/7
   450 | D:1      | Learned a level 2 spell: Searing Ray
   993 | D:2      | Identified the +1 dagger "Fiushrewn" {freeze, rF+ rC+
                  | Will+}
  1155 | D:2      | Reached XP level 4. HP: 23/23 MP: 8/8
  1371 | D:2      | Noticed Sigmund
  1884 | D:2      | Killed Sigmund
  1885 | D:2      | Reached skill level 1 in Dodging
  1885 | D:2      | Reached skill level 1 in Stealth
  1885 | D:2      | Reached skill level 3 in Spellcasting
  1885 | D:2      | Reached XP level 5. HP: 28/28 MP: 8/10
  1885 | D:2      | Reached XP level 6. HP: 32/32 MP: 8/11
  2006 | D:3      | Noticed Robin
  2099 | D:3      | Found an opulent altar of Gozag.
  2162 | D:2      | Killed Robin
  2425 | D:3      | Found an ornate altar of the Wu Jian Council.
  2633 | D:3      | Found a blossoming altar of Fedhas.
  2688 | D:3      | Found a glowing silver altar of Zin.
  2695 | D:3      | Found a glowing golden altar of the Shining One.
  2932 | D:4      | Found a shimmering altar of Xom.
  3427 | D:4      | Noticed a black bear
  3445 | D:4      | Killed a black bear
  3446 | D:4      | Reached XP level 7. HP: 31/36 MP: 5/13
  3465 | D:4      | Found a white marble altar of Elyvilon.
  3781 | D:5      | Entered Level 5 of the Dungeon
  3807 | D:4      | Learned a level 3 spell: Ozocubu's Armour
  3811 | D:4      | Learned a level 3 spell: Fugue of the Fallen
  4100 | D:5      | Found a shadowy altar of Dithmenos.
  4218 | D:5      | Reached skill level 1 in Shields
  4218 | D:5      | Reached skill level 4 in Spellcasting
  4218 | D:5      | Reached skill level 1 in Necromancy
  4218 | D:5      | Reached skill level 1 in Ice Magic
  4390 | D:5      | Gained mutation: You have razor-sharp teeth. [Vine Stalker
                  | growth]
  4390 | D:5      | Reached XP level 8. HP: 34/42 MP: 12/15
  4432 | D:5      | Found a shimmering blue altar of Sif Muna.
  4623 | D:5      | Learned a level 2 spell: Blink
  4884 | D:5      | Reached skill level 1 in Translocations
  5426 | D:6      | Found a staircase to the Ecumenical Temple.
  5430 | Temple   | Entered the Ecumenical Temple
  5437 | Temple   | Became a worshipper of Vehumet
  5740 | D:6      | Reached skill level 5 in Spellcasting
  5740 | D:6      | Reached XP level 9. HP: 30/45 MP: 5/17
  5995 | D:6      | Identified the +4 dagger "Gaarryri" {protect, rC+ Str+7}
  6413 | D:6      | Reached * piety under Vehumet
  6413 | D:6      | Offered knowledge of Shock by Vehumet.
  6879 | D:7      | Reached skill level 1 in Short Blades
  6917 | D:7      | Found a sand-covered staircase.
  6939 | Ossuary  | Entered an ossuary
  7249 | Ossuary  | Reached ** piety under Vehumet
  7249 | Ossuary  | Offered knowledge of Sting by Vehumet.
  7631 | D:7      | Reached XP level 10. HP: 51/51 MP: 19/19
  7855 | D:7      | Reached skill level 5 in Fighting
  8047 | D:7      | Offered knowledge of Static Discharge by Vehumet.
  8051 | D:7      | Reached skill level 6 in Spellcasting
  8496 | D:8      | Noticed Jeremiah
  8713 | D:8      | Reached *** piety under Vehumet
  9302 | D:8      | Killed Jeremiah
  9303 | D:8      | Reached skill level 7 in Spellcasting
  9389 | D:8      | Noticed a two-headed ogre
  9405 | D:8      | Killed a two-headed ogre
  9406 | D:8      | Reached skill level 1 in Throwing
  9795 | D:8      | Noticed a skeletal warrior
  9833 | D:8      | Killed a skeletal warrior
  9834 | D:8      | Reached XP level 11. HP: 56/56 MP: 18/23
  9890 | D:8      | Reached skill level 5 in Ice Magic
 10025 | D:8      | Identified the +6 dagger "Goblinbane" {pain, rPois Will+}
 10035 | D:8      | Learned a level 4 spell: Dispel Undead
 10096 | D:9      | Offered knowledge of Mephitic Cloud by Vehumet.
 10134 | D:9      | Learned a level 3 spell: Mephitic Cloud
 10246 | D:9      | Found Uggisywa's Assorted Antiques.
 10254 | D:9      | Bought a scroll labelled GAJ ATAECYJ for 27 gold pieces
 10254 | D:9      | Bought 2 scrolls labelled OSCHA FIFOZYFEA for 54 gold
                  | pieces
 10254 | D:9      | Bought a scroll labelled GAJ ATAECYJ for 27 gold pieces
 10281 | D:9      | Found a bloodstained altar of Trog.
 10570 | D:9      | Reached **** piety under Vehumet
 10684 | D:9      | Reached skill level 1 in Air Magic
 10712 | D:9      | Reached skill level 1 in Alchemy
 10732 | D:9      | Reached skill level 5 in Long Blades
 10839 | D:9      | Reached skill level 8 in Spellcasting
 10844 | D:9      | Offered knowledge of Flame Wave by Vehumet.
 11051 | D:9      | Found a burning altar of Makhleb.
 11081 | D:10     | Entered Level 10 of the Dungeon
 11175 | D:10     | Reached skill level 5 in Necromancy
 11402 | D:10     | Noticed a two-headed ogre
 11439 | D:10     | Killed a two-headed ogre
 11515 | D:10     | Found a staircase to the Lair.
 11560 | D:10     | Found a basalt altar of Yredelemnul.
 11592 | D:10     | Reached skill level 5 in Shields
 12709 | D:10     | Identified 4 scrolls of acquirement
 12709 | D:10     | Acquired the ring of Rumezumu {rPois rF++ rN+ Str+3 Dex-3}
 12776 | Lair:1   | Entered Level 1 of the Lair of Beasts
 12868 | Lair:1   | Reached XP level 12. HP: 58/61 MP: 25/25
 13201 | Lair:1   | Noticed Maggie
 13323 | Lair:1   | Killed Maggie
 13810 | Lair:2   | Noticed a seven-headed hydra
 13810 | Lair:2   | Noticed a skyshark
 13823 | Lair:1   | Killed a seven-headed hydra
 13868 | Lair:2   | Noticed a seven-headed hydra
 14163 | Lair:2   | Reached skill level 9 in Spellcasting
 14170 | Lair:2   | Killed a skyshark
 14224 | Lair:2   | Reached ***** piety under Vehumet
 14266 | Lair:2   | Found a staircase to the Swamp.
 14383 | Lair:2   | Killed a seven-headed hydra
 14525 | Lair:2   | Offered knowledge of Iskenderun's Battlesphere by Vehumet.
 14585 | Lair:2   | Learned a level 3 spell: Frozen Ramparts
 14599 | Lair:2   | Reached skill level 5 in Dodging
 14662 | Lair:2   | Reached XP level 13. HP: 66/66 MP: 25/27
 14764 | Lair:2   | Found a hole to the Spider Nest.
 15045 | Lair:3   | Found a frozen archway.
 15117 | IceCv    | Entered an ice cave
 15164 | IceCv    | Found a transporter.
 15188 | IceCv    | Found a transporter.
 15543 | Lair:3   | Reached skill level 5 in Air Magic
 15552 | Lair:3   | Found a gate leading to a gauntlet.
 15567 | Gauntlet | Entered a Gauntlet
 15567 | Gauntlet | Found a transporter.
 15567 | Gauntlet | Found a transporter.
 15569 | Gauntlet | Found a transporter.
 15573 | Gauntlet | Found a transporter.
 15585 | Gauntlet | Found a transporter.
 15587 | Gauntlet | Found a transporter.
 15589 | Gauntlet | Noticed a blizzard demon
 15591 | Gauntlet | Found a transporter.
 15591 | Gauntlet | Found a transporter.
 15599 | Gauntlet | Found a transporter.
 15600 | Gauntlet | Found a transporter.
 15652 | Gauntlet | Found a transporter.
 15656 | Gauntlet | Found a transporter.
 16023 | Gauntlet | Identified the ring "Zom Jisto" {Will+ Int+3}
 16031 | Gauntlet | Identified the ring "Pupsej" {^Drain rC+++ rN++ Int-2 SInv}
 16031 | Gauntlet | Noticed a minotaur
 16064 | Gauntlet | Killed a minotaur
 16065 | Gauntlet | Reached skill level 5 in Stealth
 16106 | Gauntlet | Found the +10 Black Knight's barding {ponderous, rPois rN+}
 16129 | Gauntlet | Identified the +7 spear "Isadd" {freeze, MP+9}
 16405 | Lair:3   | Reached skill level 10 in Spellcasting
 16405 | Lair:3   | Reached skill level 1 in Earth Magic
 16418 | Lair:3   | Reached skill level 5 in Short Blades
 16439 | Lair:3   | Noticed Nessos
 16467 | Lair:3   | Killed Nessos
 16780 | Lair:3   | Offered knowledge of Airstrike by Vehumet.
 16830 | Lair:3   | Learned a level 4 spell: Airstrike
 17169 | Lair:4   | Reached XP level 14. HP: 53/72 MP: 22/29
 17462 | Lair:4   | Found a blossoming altar of Fedhas.
 17762 | Lair:4   | Reached skill level 11 in Spellcasting
 18110 | Lair:5   | Entered Level 5 of the Lair of Beasts
 18297 | Lair:5   | Found a dark tunnel.
 18315 | Volcano  | Entered a volcano
 18986 | Volcano  | Noticed a red draconian
 19006 | Volcano  | Killed a red draconian
 19146 | Volcano  | Noticed an orb of fire
 19197 | Volcano  | Noticed an orb of fire
 20042 | Lair:5   | Reached skill level 12 in Spellcasting
 20078 | Lair:5   | Reached XP level 15. HP: 75/78 MP: 30/32
 20367 | Lair:5   | Identified the +7 hand axe of Expedience {spect, rN+ Int+3}
 20666 | D:11     | Noticed Lodul
 20690 | D:11     | Killed Lodul
 20923 | D:10     | Learned a level 5 spell: Irradiate
 20943 | D:11     | Noticed Erolcha
 21225 | D:11     | Killed Erolcha
 21373 | D:11     | Reached ****** piety under Vehumet
 21416 | D:11     | Offered knowledge of Conjure Ball Lightning by Vehumet.
 21439 | D:11     | Found a staircase to the Orcish Mines.
 21542 | D:11     | Noticed Josephine
 21769 | D:11     | Killed Josephine
 21869 | Orc:1    | Entered Level 1 of the Orcish Mines
 21874 | Orc:1    | Noticed an orc warlord
 21894 | Orc:1    | Reached skill level 5 in Conjurations
 22008 | D:11     | Killed an orc warlord
 22056 | Orc:1    | Reached skill level 5 in Earth Magic
 22520 | Orc:2    | Entered Level 2 of the Orcish Mines
 22639 | Orc:2    | Reached skill level 5 in Alchemy
 22817 | Orc:2    | Reached skill level 13 in Spellcasting
 23140 | Orc:2    | Offered knowledge of Arcjolt by Vehumet.
 23277 | Orc:2    | Found a staircase to the Elven Halls.
 23361 | Orc:2    | Found Leyhyukh's Weapon Shoppe.
 23361 | Orc:2    | Found Qopi's Antique Weapon Shoppe.
 23361 | Orc:2    | Found Rariyryss's Antique Weapon Emporium.
 23364 | Orc:2    | Found Bulelae's Jewellery Emporium.
 23697 | Orc:2    | Acquired 423 gold pieces
 23705 | Orc:2    | Learned a level 5 spell: Lee's Rapid Deconstruction
 24002 | D:12     | Learned a level 4 spell: Ignite Poison
 24106 | D:12     | Noticed Urug
 24183 | D:12     | Killed Urug
 24208 | D:12     | You fall into a shaft and drop 1 floor!
 24217 | D:13     | Reached XP level 16. HP: 84/84 MP: 34/34
 24440 | D:12     | Found an ancient bone altar of Kikubaaqudgha.
 24701 | D:12     | Noticed Snorg
 25064 | D:12     | Killed Snorg
 25446 | Lair:5   | Acquired the amulet "Piocvubi" {RegenMP rPois}
 25461 | Lair:5   | Acquired the +1 cloak of Hide-and-Seek {Will++ Str+2 Dex+6}
 25473 | Lair:5   | Acquired the +3 pair of gloves of the Lion {Int+3}
 25580 | Spider:1 | Entered Level 1 of the Spider Nest
 25901 | Spider:1 | Identified the +2 pair of gloves "Heggehacelu" {Will+}
 26022 | Spider:1 | Learned a level 4 spell: Sticky Flame
 27414 | Spider:1 | Noticed Azrael
 27431 | Spider:1 | Killed Azrael
 27527 | Spider:1 | Reached skill level 14 in Spellcasting
 27900 | Spider:2 | Offered knowledge of Freezing Cloud by Vehumet.
 27914 | Spider:1 | Learned a level 5 spell: Freezing Cloud
 28013 | Spider:2 | Reached skill level 10 in Fighting
 28054 | Spider:2 | Noticed Arachne
 28081 | Spider:1 | Killed Arachne
 28447 | Spider:2 | Reached XP level 17. HP: 77/89 MP: 21/36
 29081 | Spider:3 | Offered knowledge of Yara's Violent Unravelling by Vehumet.
 30172 | Spider:3 | Reached skill level 15 in Spellcasting
 30524 | Spider:3 | Reached skill level 1 in Fire Magic
 31135 | Spider:4 | Entered Level 4 of the Spider Nest
 31292 | Spider:4 | Reached skill level 10 in Air Magic
 31367 | Spider:4 | Offered knowledge of Bombard by Vehumet.
 31921 | Spider:4 | Reached XP level 18. HP: 54/94 MP: 1/38
 32645 | Spider:4 | Identified the scarf of the Boiling Point {shadows, Harm
                  | SInv}
 32651 | Spider:4 | Got a gossamer rune of Zot
 32873 | Swamp:1  | Entered Level 1 of the Swamp
 32873 | Swamp:1  | Noticed Louise
 32914 | Lair:2   | Killed Louise
 32915 | Lair:2   | Reached skill level 10 in Ice Magic
 33952 | Swamp:2  | Reached skill level 16 in Spellcasting
 34497 | Swamp:2  | Offered knowledge of Lehudib's Crystal Spear by Vehumet.
 34497 | Swamp:2  | Offered knowledge of Shatter by Vehumet.
 34497 | Swamp:2  | Offered knowledge of Chain Lightning by Vehumet.
 34841 | Swamp:3  | Noticed Donald
 35257 | Swamp:3  | Killed Donald
 35305 | Swamp:3  | Identified the +0 plate armour of Servitude {^Contam rPois
                  | rN+ Int+2}
 35462 | Swamp:4  | Entered Level 4 of the Swamp
 35746 | Swamp:4  | Upgraded the game from 0.31.0-2-g5a2aebc5c2 to
                  | 0.31.0-4-g52a2dc7128
 35989 | Swamp:4  | Reached XP level 19. HP: 86/98 MP: 34/40
 36040 | Swamp:4  | Noticed the 27-headed Lernaean hydra
 36108 | Swamp:3  | Killed the 27-headed Lernaean hydra
 36417 | Swamp:4  | Got a decaying rune of Zot
 36524 | Swamp:4  | Reached skill level 17 in Spellcasting
 37550 | D:14     | Found a glowing golden altar of the Shining One.
 37752 | D:14     | Found a gate to the Vaults.
 37805 | D:14     | Learned a level 4 spell: Dispel Undead
 37898 | D:15     | Entered Level 15 of the Dungeon
 37966 | D:15     | Found a staircase to the Depths.
 38005 | D:15     | Learned a level 4 spell: Olgreb's Toxic Radiance
 38844 | Depths:1 | Entered Level 1 of the Depths
 39142 | Depths:1 | Noticed Mara
 39143 | Depths:1 | Noticed Esekla's illusion
 39377 | Depths:1 | Noticed Esekla's illusion
 39511 | Depths:1 | Noticed Esekla's illusion
 39516 | Depths:1 | Noticed Esekla's illusion
 39518 | Depths:1 | Killed Mara
 39785 | Depths:1 | Noticed Boris
 39873 | Depths:1 | Found an iron altar of Okawaru.
 40073 | Depths:1 | Found a faded altar of an unknown god.
 40073 | Depths:1 | Found a hazy altar of Hepliaklqana.
 40074 | Depths:1 | Found a faded altar of an unknown god.
 40108 | Depths:1 | Found a one-way gate leading to the halls of Pandemonium.
 40154 | Depths:1 | Reached skill level 18 in Spellcasting
 40184 | Depths:1 | Found a gateway to Hell.
 40520 | Depths:1 | Killed Boris
 40720 | Depths:2 | Reached XP level 20. HP: 88/89 MP: 30/43
 40928 | Vaults:1 | Entered Level 1 of the Vaults
 41237 | Vaults:1 | Noticed Saint Roka
 41250 | Vaults:1 | Killed Saint Roka
 41591 | Vaults:1 | Reached skill level 19 in Spellcasting
 41869 | Vaults:1 | Found Canuov's Assorted Antiques.
 41886 | Vaults:1 | Bought a pair of runed boots for 180 gold pieces
 41913 | Vaults:1 | Bought a runed robe for 88 gold pieces
 43283 | Depths:2 | Reached XP level 21. HP: 90/107 MP: 45/45
 43390 | Depths:1 | Learned a level 8 spell: Maxwell's Capacitive Coupling
 44151 | Depths:2 | Reached skill level 20 in Spellcasting
 44415 | Depths:2 | Reached skill level 5 in Translocations
 44849 | Depths:2 | Acquired the +2 helmet of Proximity {rN+ rCorr}
 45186 | Depths:2 | Noticed Nikola
 45637 | Depths:2 | Killed Nikola
 45768 | Depths:2 | Identified the scarf of Circular Logic {harm, rF+ rN+ Int+2
                  | Dex-5}
 45993 | Depths:2 | Reached skill level 21 in Spellcasting
 46046 | Depths:2 | Noticed a juggernaut
 46153 | Depths:2 | Killed a juggernaut
 47331 | Vaults:2 | Identified the +2 leather armour of Patterns {rCorr Dex+3}
 47478 | Vaults:2 | Reached XP level 22. HP: 109/112 MP: 48/48
 47664 | Vaults:2 | Noticed Asterion
 47676 | Vaults:2 | Killed Asterion
 47915 | Vaults:2 | Reached skill level 10 in Alchemy
 48075 | Vaults:2 | Reached skill level 5 in Fire Magic
 48573 | Vaults:3 | Found a staircase to the Crypt.
 48655 | Vaults:3 | Found Nutiux's Antique Weapon Emporium.
 48888 | Vaults:3 | Reached skill level 22 in Spellcasting
 49027 | Vaults:3 | Found Saocoor's Armour Shoppe.
 49365 | Vaults:3 | Noticed Jory
 49530 | Vaults:3 | Killed Jory
 49809 | Vaults:4 | Reached skill level 10 in Stealth
 49822 | Vaults:4 | Identified the +0 scale mail of Asceticism {Will+ Regen+}
 49829 | Vaults:4 | Found Gykimueblo's Weapon Shop.
 50489 | Vaults:4 | Reached XP level 23. HP: 109/116 MP: 50/50
 51181 | Vaults:3 | Reached skill level 23 in Spellcasting
 51197 | Crypt:1  | Entered Level 1 of the Crypt
 51873 | Crypt:1  | Reached skill level 15 in Air Magic
 53079 | Crypt:2  | Reached skill level 10 in Earth Magic
 54296 | Crypt:2  | Found the +10 dark maul {heavy}
 54626 | Crypt:2  | Found an ancient bone altar of Kikubaaqudgha.
 54714 | Crypt:3  | Entered Level 3 of the Crypt
 54962 | Crypt:3  | Noticed Bai Suzhen
 55376 | Crypt:3  | Reached skill level 10 in Necromancy
 55382 | Crypt:3  | Reached XP level 24. HP: 110/113 MP: 50/51
 55420 | Crypt:3  | Reached skill level 24 in Spellcasting
 55574 | Crypt:3  | Found a staircase to the Tomb.
 55888 | Crypt:3  | Noticed a curse toe
 55898 | Crypt:3  | Killed a curse toe
 55961 | Crypt:3  | Learned a level 7 spell: Ozocubu's Refrigeration
 55981 | Crypt:3  | Noticed a dread lich
 55981 | Crypt:3  | Noticed a dread lich
 55985 | Crypt:3  | Noticed a dread lich
 56018 | Crypt:3  | Killed a dread lich
 56068 | Crypt:3  | Killed a dread lich
 56077 | Crypt:3  | Killed a dread lich
 56266 | Crypt:3  | Got the Volume of Left-Handed Acts
 56267 | Crypt:3  | Identified the ring of Zasuwi {Wiz rElec rN+ Dex+3}
 56280 | Crypt:3  | Learned a level 4 spell: Iskenderun's Mystic Blast
 56713 | Elf:1    | Entered Level 1 of the Elven Halls
 57009 | Elf:1    | Found a portal to a secret trove of treasure.
 57278 | Elf:1    | Found Uliad's Antique Armour Shop.
 57735 | Elf:1    | Paralysed by an air elemental for 1 turns
 57870 | Elf:1    | Got Dimif's Grimoire of Blasts
 58328 | Elf:2    | Paralysed by an air elemental for 1 turns
 58527 | Elf:2    | Found Ucuutos's Weapon Emporium.
 58816 | Elf:2    | Found a runed translucent gate.
 58816 | Elf:2    | Found a runed translucent gate.
 58816 | Elf:2    | Found a runed translucent gate.
 60092 | Elf:3    | Entered Level 3 of the Elven Halls
 60182 | Elf:3    | Paralysed by an air elemental for 1 turns
 60185 | Elf:3    | Paralysed by an air elemental for 1 turns
 60257 | Elf:3    | Identified the +9 short sword of the Middle {spect, rPois}
 60284 | Elf:3    | Found a runed translucent gate.
 60284 | Elf:3    | Found a runed translucent gate.
 60284 | Elf:3    | Found a runed translucent gate.
 60286 | Elf:3    | Found an opulent altar of Gozag.
 60291 | Elf:3    | Found Doenuida's Assorted Antiques.
 60291 | Elf:3    | Noticed Hihelu's ghost (adept MiBe)
 60385 | Elf:3    | Reached skill level 25 in Spellcasting
 60484 | Elf:3    | Identified the +4 quarterstaff of the Silly God {flame,
                  | rElec Int+4}
 60488 | Elf:3    | Identified the +6 quarterstaff of the Changing Scavenger
                  | {flame, rN+ SInv}
 60506 | Elf:3    | Noticed Zenata
 60548 | Elf:3    | Reached XP level 25. HP: 69/126 MP: 53/53
 60711 | Elf:3    | Found Riskapy's Weapon Emporium.
 60769 | Elf:3    | Learned a level 1 spell: Apportation
 60832 | Elf:3    | Killed Zenata
 61193 | Elf:3    | Identified the +9 mace of Fuuxoduv {flame, rElec rN+
                  | Stlth+}
 61193 | Elf:3    | Identified the ring of Caupuude {rC+ Dex+6}
 61323 | Elf:3    | Shot with an arrow by a deep elf master archer

Illustrated notes

Levels and vault maps discovered:
D:1:      matt_arrival_refuge, layout_basic, nicolae_hexahallways,
          nicolae_wormholes
D:2:      layout_basic, roderic_serpentine_path, minmay_unequal, uniq_sigmund
D:3:      layout_loops_cross, amethyst_overflow_temple_binary,
          mainiacjoe_overflow_alcove_2, fedhas_altar_4,
          mainiacjoe_overflow_catwalk, dreamdust_princess_corridor,
          minivault_26, uniq_robin
D:4:      layout_loops_ring, overflow_temple_1_default, elyvilon_altar_3
D:5:      layout_cave_pools, mainiacjoe_overflow_concentric_impassable,
          mainiacjoe_overflow_paths, serial_glass, glass_columns_a,
          glass_columns_b, nrook_campfire, nzn_random_ring
D:6:      layout_basic, temple_hall_moat
D:7:      layout_basic, enter_ossuary_3
D:8:      layout_loops_corners, dilly_guarded_unrand_morg, uniq_jeremiah
D:9:      layout_basic, trog_ov_bears_minmay, mainiacjoe_overflow_alcove_4,
          serial_shops, nicolae_shop_hallway_stairs,
          hangedman_decor_clover_reticule
D:10:     layout_gridville, lemuel_mausoleum_altar_yredelemnul, lair_entry_dummy
D:11:     layout_basic, zombieorc2_lemuel, uniq_erolcha, uniq_lodul,
          uniq_josephine
D:12:     layout_grid_maze, special_room [special_room_bee],
          nicolae_kikubaaqudgha_miasma_corner, uniq_urug, uniq_snorg
D:13:     minmay_open_boxes_in_corner, layout_cave_pods
D:14:     layout_roguey [special_room_orc], ximxim_vaults_locker_room, tso_altar
D:15:     grunt_enter_depths_giant_problem, layout_loops_corners, minivault_23
Temple:   hellmonk_temple_micro_hex
Lair:1:   layout_cave_pods, uniq_maggie
Lair:2:   layout_regular_city, skrybe_swamp_entry_bodies,
          nicolae_spider_entry_tight_spaces, infiniplex_staircase_pool
Lair:3:   layout_chaotic_city, portal_ice_cave_entry_ice_simulacra,
          gauntlet_entry_generic, nicolae_lair_grove_arrangements, st_stairs_5,
          grunt_megastairs_4, uniq_nessos
Lair:4:   layout_roguey, minmay_slime_entry_oklob_enclosed,
          hangedman_tree_tricks, st_stairs_10, minivault_19,
          beast_lair_carwin_3, lemuel_fruit_tree, serial_bayou_shore_a
Lair:5:   evilmike_catoblepas_cave, layout_regular_city,
          nicolae_volcano_entry_s_turn
Swamp:1:  layout_basic_swamp, evilmike_swamp_ruin_house_6, uniq_louise
Swamp:2:  nicolae_swamp_standing_stones, layout_basic_swamp, serial_swamp_ruin,
          evilmike_swamp_ruin_house_4, evilmike_swamp_ruin_rubble_1
Swamp:3:  layout_basic_swamp, hangedman_swamp_ruin_wall, uniq_donald
Swamp:4:  grunt_swamp_rune_castle, layout_basic_swamp, swamp_pool_1_2
Spider:1: layout_cave_pods, drop_trap, nicolae_spider_eight_legs, uniq_azrael
Spider:2: nicolae_spider_mines_2, uniq_arachne
Spider:3: spiders_nest_scorpion_pit, nicolae_spider_rock_and_or_roll
Spider:4: spider_rune_water, dreamdust_wasp_nest
Orc:1:    layout_caves, elf_legates
Orc:2:    st_orc_mages, layout_caves, nicolae_orc_seminary
Elf:1:    eino_elf_arrival_shootout, layout_gridlike, serial_shops,
          nicolae_take_the_stairs, nicolae_trove_entry_crossroad,
          minmay_elf_sorcery
Elf:2:    nicolae_elf_blades_splatter_lattice
          [nicolae_blade_entry_area_security], layout_geoelf_diagonals,
          serial_shops, shop, st_stairs_4
Elf:3:    grunt_elf_hall_asides, layout_gridlike, ebering_ghost_gozag,
          serial_shops, shop, uniq_zenata
Vaults:1: v_misc_12, grunt_vaults_trifunnel, vaults_standard_mumra_x,
          hangedman_vaults_impose, nicolae_vaults_windows_and_doors_thing,
          vaults_room_door_ring, nicolae_vaults_prndl, nicolae_vaults_cochlea,
          vaults_mumra_hex, nicolae_vaults_wine_cellar, grunt_vaults_diagonal,
          nicolae_vaults_specimen_jars, vaults_dpeg_hooks, layout_vaults_ring,
          serial_shops, nicolae_shop_waterfront, uniq_saint_roka
Vaults:2: st_hourglassy, v_misc_9, hangedman_vaults_stagger,
          nicolae_vaults_meiosis, nicolae_vaults_variable_pillar_hall,
          vaults_dpeg_spiral, nicolae_vaults_closet_pinwheel_5,
          layout_vaults_quadrants, uniq_asterion
Vaults:3: nicolae_vaults_ellipses_ellipsis,
          nicolae_vaults_doubleplus_tesselated, hangedman_vaults_slice,
          nicolae_vaults_rhombus_6, dpeg_vaults_monster_box, v_alt_pattern_6,
          v_pattern_2, minmay_crypt_entry_simple_plaza,
          nicolae_vaults_hexular_roomagon, nicolae_vaults_little_squares_1,
          vaults_room_door_ring, nicolae_vaults_house_2,
          vaults_dpeg_encased_lava, layout_vaults_omnicross, serial_shops,
          nicolae_shop_window_shopping, uniq_jory
Vaults:4: nicolae_vaults_more_shelving_1, nicolae_vaults_tangram_2,
          nicolae_vaults_yaktaur_gun_rack, hangedman_vaults_unwind,
          ontoclasm_vaults_eye, vaults_room_semicircle,
          nicolae_vaults_oval_intersection, nicolae_vaults_big_ls,
          v_alt_pattern_4, v_pattern_3, nicolae_vaults_variable_pillar_hall,
          nicolae_vaults_holding_cells, ontoclasm_vaults_ring_large, v_misc_23,
          layout_vaults_maze, serial_shops, shop
Crypt:1:  layout_catacombs, uniq_josephina
Crypt:2:  cheibrodos_crypt_down_in_the_bonehoard, layout_basic, serial_sigils,
          serial_sigils_hangedman_shear, serial_sigils_hangedman_snap,
          serial_sigils_hangedman_scratch, serial_sigils_hangedman_clutch,
          serial_sigils_hangedman_shear
Crypt:3:  david_glass_crypt, layout_rooms, tomb_entry_forgotten_bobbens,
          uniq_bai_suzhen
Depths:1: layout_forbidden_donut, pan_entry, hellmouth_1,
          nicolae_hepliaklqana_ecumenical_no_more, okawaru_ov_weapons_minmay,
          firewood_loft, uniq_boris, uniq_mara
Depths:2: lemuel_river_lethe, pan_entry, hell_entry, uniq_nikola

Skill      XL: |  1  2  3  4  5  6  7  8  9 10 11 12 13 14 15 16 17 18 19 20 21 22 23 24 |
---------------+-------------------------------------------------------------------------+-----
Long Blades    | 2 3 4 5 6 |  6.1
Fighting       | 2 3 4 5 6 7 8 9 10 | 10.8
Evocations     | 3 |  3.3
Dodging        | 1 2 3 4 5 6 7 8 9 |  9.4
Stealth        | 1 2 3 4 5 7 8 9 10 11 | 11.3
Spellcasting   | 3 4 5 7 8 9 10 12 13 14 15 16 18 19 21 22 23 25 | 25.2
Conjurations   | 2 3 4 5 6 7 |  7.8
Shields        | 1 2 3 4 5 6 7 8 9 |  9.3
Necromancy     | 1 2 3 4 5 6 7 8 10 11 | 11.5
Ice Magic      | 1 2 3 4 5 6 7 8 9 10 | 10.4
Translocations | 1 3 4 5 |  5.2
Short Blades   | 2 3 4 5 6 7 8 |  8.2
Throwing       | 1 2 3 4 |  4.6
Air Magic      | 2 4 6 7 8 9 10 11 12 13 14 15 | 15.2
Alchemy        | 2 4 5 6 7 8 9 10 11 | 11.6
Earth Magic    | 2 4 5 6 8 9 10 12 | 12.1
Fire Magic     | 1 2 3 4 5 6 |  6.6
Polearms       | |  0.2

Action                     |  1- 3 |  4- 6 |  7- 9 | 10-12 | 13-15 | 16-18 | 19-21 | 22-24 | 25-27 || total
---------------------------+-------+-------+-------+-------+-------+-------+-------+-------+-------++-------
  Melee: Falchion          |    65 |    84 |   142 |    46 |    64 |       |       |       |       ||   401
         Bite              |    17 |    28 |    96 |   234 |   567 |   448 |   334 |   292 |    27 ||  2043
         Punch             |     2 |       |     3 |       |       |       |       |       |       ||     5
         Dagger            |       |    13 |   165 |   505 |  1069 |   761 |   534 |   573 |    41 ||  3661
         Trident           |       |       |       |    11 |       |       |       |       |       ||    11
         Long sword        |       |       |       |    17 |    39 |     7 |    10 |       |       ||    73
         Spear             |       |       |       |       |     4 |       |       |       |       ||     4
         Scimitar          |       |       |       |       |       |   148 |    18 |     3 |       ||   169
  Throw: Dart              |       |     5 |    26 |     9 |    18 |    56 |    10 |     2 |    12 ||   138
         Boomerang         |       |       |     2 |    12 |    84 |    69 |    34 |    17 |     1 ||   219
         Javelin           |       |       |       |     5 |       |       |       |       |       ||     5
   Cast: Searing Ray       |     2 |    17 |    31 |    46 |    20 |     4 |     6 |    34 |       ||   160
         Ozocubu's Armour  |       |       |    23 |    51 |    92 |   113 |   120 |   121 |     8 ||   528
         Fugue of the Fall |       |       |       |     4 |    27 |    26 |    25 |    24 |       ||   106
         Mephitic Cloud    |       |       |       |     3 |    44 |    42 |    62 |    94 |    10 ||   255
         Frozen Ramparts   |       |       |       |     2 |   116 |    78 |    47 |    22 |     5 ||   270
         Blink             |       |       |       |     1 |     1 |     4 |     8 |     8 |       ||    22
         Airstrike         |       |       |       |       |     7 |    12 |     6 |     7 |       ||    32
         Irradiate         |       |       |       |       |     3 |    22 |    14 |    22 |     4 ||    65
         Lee's Rapid Decon |       |       |       |       |     1 |     1 |     6 |    48 |       ||    56
         Sticky Flame      |       |       |       |       |       |    91 |    99 |   117 |     4 ||   311
         Freezing Cloud    |       |       |       |       |       |    28 |    73 |    12 |     1 ||   114
         Ignite Poison     |       |       |       |       |       |    14 |    66 |    79 |     6 ||   165
         Dispel Undead     |       |       |       |       |       |       |   111 |   177 |       ||   288
         Olgreb's Toxic Ra |       |       |       |       |       |       |    65 |    71 |     6 ||   142
         Maxwell's Capacit |       |       |       |       |       |       |    12 |     1 |       ||    13
         Iskenderun's Myst |       |       |       |       |       |       |       |     6 |       ||     6
         Ozocubu's Refrige |       |       |       |       |       |       |       |     1 |       ||     1
  Evoke: Wand              |       |       |       |     2 |     5 |     4 |     2 |     5 |       ||    18
         Lightning rod     |       |       |       |       |     1 |     2 |     8 |     1 |       ||    12
    Use: Scroll            |       |     6 |     7 |    10 |    16 |    19 |     7 |     7 |       ||    72
         Potion            |       |       |     1 |     2 |     5 |    13 |     3 |     5 |     4 ||    33
   Stab: Distracted        |     1 |       |     2 |       |       |       |     4 |     6 |       ||    13
         Sleeping          |     4 |     3 |     7 |     6 |    11 |    18 |    17 |    42 |     1 ||   109
         Invisible         |       |       |     1 |       |       |       |       |       |       ||     1
         Confused          |       |       |       |     2 |    32 |    36 |    26 |    34 |     3 ||   133
 Armour: Robe              |    43 |    91 |   220 |   573 |   684 |   986 |   602 |   603 |    30 ||  3832
         Leather armour    |       |       |     5 |       |       |       |       |       |       ||     5
  Dodge: Dodged            |    38 |    84 |   197 |   332 |   502 |   833 |   443 |   418 |    12 ||  2859
  Block: Buckler           |       |       |    50 |   363 |   357 |   527 |   302 |   310 |    15 ||  1924
         Reflection        |       |       |       |     8 |       |       |       |       |       ||     8
